[Event "Late-Titled-Tuesday-Blitz-March-12-2024"]
[Site "Chess.com"]
[Date "2024.03.12"]
[Round "3"]
[White "subham777"]
[Black "jcibarra"]
[Result "0-1"]
[WhiteElo "2566"]
[BlackElo "2922"]
[TimeControl "180+1"]
[EndTime "14:26:58 PDT"]
[Termination "jcibarra won by resignation"]

1. e4 c5 2. Nf3 e6 3. g3 Nc6 4.
Bg2 Nf6 5. d3 d5 6. exd5 Nxd5 7.
O-O g6 8. Re1 Bg7 9. Nbd2 O-O 10. Ne4 b6 11. c4 Ndb4 12. Re3 Bh6 13. Re2 Bxc1 14. Rxc1 Nxa2 15. Ra1 Nab4 16. h4 h6 17. Qd2 Kg7 18. Qc3+ f6 19. Ne1 Nd4 20. Rd2 Nbc6 21. Nc2 Bb7 22. Nxd4 Nxd4 23. Re1 f5 24. Nxc5 bxc5 25.
Bxb7 Rb8 26. Bg2 Rb3 27. Qc1 f4 28. Qa1 Rf7 29. Kh2 Qd6 30. Re4 fxg3+ 31. fxg3 Nf5 32.
Qe1 Nd4 33. Qe3 Rb8 34. Rf2 Rbf8 35. Rxf7+ Rxf7 36. Rf4 Nf5 37. Qf3 e5 38. Rxf5 gxf5 39. Qa8 e4 40. dxe4 f4 41. e5 Qxe5 42. Bd5 fxg3+ 43.
Kh3 Qf5+ 44. Kg2 Qf1+ 45. Kxg3 Qf2+ 46. Kg4 Rf4+ 47. Kh3 Qxh4+ 48. Kg2 Rf2+ 0-1

[Event "Late-Titled-Tuesday-Blitz-March-12-2024"]
[Site "Chess.com"]
[Date "2024.03.12"]
[Round "3"]
[White "Yushko_Olga"]
[Black "blank0923"]
[Result "1-0"]
[WhiteElo "2197"]
[BlackElo "2599"]
[TimeControl "180+1"]
[EndTime "14:26:58 PDT"]
[Termination "Yushko_Olga won on time"]

1. d4 f5 2. g3 Nf6 3. Bg2 g6 4.
c4 Bg7 5. Nc3 O-O 6. Nh3 d6 7.
O-O e5 8. e4 exd4 9. Qxd4 Nc6 10. Qd3 Ne5 11. Qe2 fxe4 12. Nxe4 Bg4 13. Nxf6+ Qxf6 14. Qe4 Rae8 15. Qxb7 Be2 16. Re1 Nf3+ 17.
Kh1 Nxe1 18. Bg5 Qxb2 19. Qxb2 Bxb2 20. Rxe1 Bxc4 21. Rb1 Bc3 22. Bh6 Rf5 23. Be3 Ba5 24. Nf4 Bb6 25. Bc6 Re7 26. g4 Ra5 27. Bd2 Rxa2 28. Bc3 Rxf2 29. Nh3 Rf1+ 30. Rxf1 Bxf1 31. Nf4 1-0

[Event "Late-Titled-Tuesday-Blitz-March-12-2024"]
[Site "Chess.com"]
[Date "2024.03.12"]
[Round "3"]
[White "SergioMoralesG"]
[Black "DonBroca"]
[Result "1-0"]
[WhiteElo "2489"]
[BlackElo "2230"]
[TimeControl "180+1"]
[EndTime "14:27:00 PDT"]
[Termination "SergioMoralesG won on time"]

1. d4 Nf6 2. c4 e6 3. Nf3 b6 4.
g3 Bb7 5. Bg2 Be7 6. O-O d5 7.
cxd5 Nxd5 8. Re1 O-O 9. e4 Nf6 10.
Nc3 Nbd7 11. h3 c5 12. d5 exd5 13. exd5 Ne8 14. Bf4 Bd6 15. Bg5 f6 16. Be3 Nc7 17.
Nh4 g6 18. Qd2 Re8 19. Rad1 Ne5 20. b3 Qd7 21. f4 Nf7 22. Qc2 Kg7 23. Be4 Qxh3 24.
Bf2 f5 25. Bg2 Qg4 26. Bf3 Qh3 27. Bg2 Qg4 28. Kh2 Bxf4 29. gxf4 Rxe1 30. Rxe1 Re8 31.
Bf3 Qxf4+ 32. Bg3 Qd4 33. Rd1 1-0

[Event "Late-Titled-Tuesday-Blitz-March-12-2024"]
[Site "Chess.com"]
[Date "2024.03.12"]
[Round "3"]
[White "PNEPaul"]
[Black "Gryffindorac8"]
[Result "0-1"]
[WhiteElo "1951"]
[BlackElo "2370"]
[TimeControl "180+1"]
[EndTime "14:27:01 PDT"]
[Termination "Gryffindorac8 won on time"]

1. e4 c5 2. Nf3 d6 3. d4 cxd4 4. c3 Nf6 5. Bd3 dxc3 6. Nxc3 g6 7. a3 Bg7 8. Bf4 O-O 9. Qe2 Nbd7 10. Rd1 b6 11.
Bb1 Bb7 12. h4 h5 13. Rh3 Ng4 14. Bc1 Rc8 15. Ng5 a6 16. f3 Nge5 17. g4 Nf6 18. gxh5 Nxh5 19. f4 Nc4 20. f5 Qd7 21. b3 Ne5 22. Bb2 b5 23. Qh2 Ng4 24. Qe2 Ngf6 25.
e5 Ne8 26. e6 fxe6 27. fxg6 Nf4 0-1

[Event "Late-Titled-Tuesday-Blitz-March-12-2024"]
[Site "Chess.com"]
[Date "2024.03.12"]
[Round "3"]
[White "GHANDEEVAM2003"]
[Black "carokannlover213"]
[Result "1-0"]
[WhiteElo "3095"]
[BlackElo "2818"]
[TimeControl "180+1"]
[EndTime "14:27:03 PDT"]
[Termination "GHANDEEVAM2003 won on time"]

1. h3 c5 2. b3 a6 3. Bb2 Nc6 4. e3 e5 5. c4 Nf6 6. Nc3 Be7 7. g3 d5 8. Bg2 Be6 9. cxd5 Nxd5 10. Nxd5 Bxd5 11.
Nf3 O-O 12. O-O f6 13. Rc1 Rc8 14. a3 Kh8 15. Qc2 Qb6 16. Nxe5 Bxb3 17. Nd7 Qb5 18. Qc3 Rfd8 19. Nxc5 Bxc5 20. Qxc5 Rxd2 21. Qxb5 axb5 22. Bc3 Rdd8 23. Rb1 Bc4 24. Rfd1 Rxd1+ 25. Rxd1 Rd8 26. Rxd8+ Nxd8 27. f4 Nc6 28. Kf2 Kg8 29. g4 Kf7 30. h4 g6 31. e4 Ke6 32. g5 f5 33. exf5+ Kxf5 34. Ke3 Ke6 35. Bh3+ Kf7 36. f5 Ne7 37. f6 Nf5+ 38. Bxf5 gxf5 39. h5 f4+ 40. Kxf4 Bd3 41. Ke5 Bc2 42. Kd6 Bd3 43. Kc7 Kg8 44. Kxb7 Be2 45. g6 Bf3+ 46. Kb6 Bxh5 47. f7+ 1-0

[Event "Late-Titled-Tuesday-Blitz-March-12-2024"]
[Site "Chess.com"]
[Date "2024.03.12"]
[Round "3"]
[White "ChristopherYoo"]
[Black "kingofthenil"]
[Result "1-0"]
[WhiteElo "2992"]
[BlackElo "2762"]
[TimeControl "180+1"]
[EndTime "14:27:03 PDT"]
[Termination "ChristopherYoo won on time"]

1. c4 e6 2. d4 d5 3. Nc3 h6 4.
cxd5 e5 5. dxe5 c6 6. e4 Bb4 7. Qb3 Bxc3+ 8. bxc3 Ne7 9. d6 Ng6 10. f4 O-O 11. Nf3 Nd7 12. Be3 Qa5 13. Qb4 Qd8 14. h4 c5 15. Qb2 Re8 16. Bc4 Nb6 17. Bb5 Bd7 18. h5 Nf8 19. f5 Bxb5 20. Qxb5 Qd7 21.
Qd3 Qa4 22. Rh3 Nfd7 23. Bf4 Nc4 24. Qd5 Ndb6 25. Qxc5 Qc2 26. Qd4 Qxg2 27. Rg3 Qh1+ 28. Qg1 Qxg1+ 29. Rxg1 Nxd6 30. Bxh6 Nxe4 31. Rxg7+ Kh8 32.
Rxf7 Nc4 33. Bg7+ Kg8 34. Rxb7 Ncd6 35. exd6 Nxd6+ 36. Kf2 Nxb7 37. Rg1 Kf7 38. h6 Nd6 39. Ng5+ Ke7 40. f6+ Kd7 41. h7 Re5 42. Kf3 Rf5+ 43. Kg4 1-0

[Event "Late-Titled-Tuesday-Blitz-March-12-2024"]
[Site "Chess.com"]
[Date "2024.03.12"]
[Round "3"]
[White "Kildepiotr"]
[Black "ural58"]
[Result "1-0"]
[WhiteElo "2695"]
[BlackElo "2501"]
[TimeControl "180+1"]
[EndTime "14:27:06 PDT"]
[Termination "Kildepiotr won on time"]

1. Nf3 e6 2. g3 f5 3. Bg2 Nf6 4. O-O Be7 5. d3 O-O 6. c4 c6 7.
Nbd2 d5 8. e4 fxe4 9. dxe4 Na6 10.
e5 Ne4 11. Nxe4 dxe4 12. Qxd8 Bxd8 13. Ng5 Bc7 14. Bf4 h6 15. Nxe4 g5 16. Be3 Bxe5 17. Rab1 b6 18. b4 Nc7 19. Nd2 Bb7 20. b5 Rad8 21. bxc6 Bc8 22. Nb3 Ba6 23. Rbc1 Bb2 24.
Rc2 Ba3 25. Rb1 Rf5 26. Nd4 Rf6 27. Nb5 Bxb5 28. cxb5 Rf5 29. Bh3 Re5 30. Rb3 Bf8 31.
a4 Kf7 32. Bf1 Rd1 33. Kg2 Bd6 34. Be2 Ra1 35. Rd3 Ke7 36. Bd4 Rxa4 37. Bxe5 Bxe5 38. Rd7+ Kf6 39. Bc4 Rb4 40. Kf3 h5 41. h3 g4+ 42.
hxg4 hxg4+ 43. Ke2 Ra4 44. Bd3 Rb4 45. Ra2 Nxb5 46.
Bxb5 Rxb5 47. Rc2 1-0

[Event "Late-Titled-Tuesday-Blitz-March-12-2024"]
[Site "Chess.com"]
[Date "2024.03.12"]
[Round "3"]
[White "GMBenjaminBok"]
[Black "Rodalquilar"]
[Result "1-0"]
[WhiteElo "3038"]
[BlackElo "2789"]
[TimeControl "180+1"]
[EndTime "14:27:07 PDT"]
[Termination "GMBenjaminBok won by checkmate"]

1. c4 e6 2. g3 d5 3. Bg2 Nf6 4. Nf3 Be7 5. d4 O-O 6. Nc3 dxc4 7. Ne5 Qd6 8. O-O Qa6 9. a4 Bd7 10. Bf4 Bc6 11. e4 Nbd7 12. d5 Nxe5 13. Bxe5 exd5 14. exd5 Bd7 15. Bxc7 Ne8 16. Bf4 Bd6 17. Qd4 Rc8 18. Rfe1 Bxf4 19. Qxf4 Qb6 20. Ne4 Qxb2 21. Rab1 Qd4 22. Red1 Qxd1+ 23. Rxd1 Bxa4 24. Ra1 Bd7 25. Nc3 a6 26. d6 b5 27. Rxa6 b4 28. Nd5 c3 29.
Ne7+ Kh8 30. Nxc8 c2 31. Rb6 Nxd6 32. Nxd6 Ra8 33. Bxa8 b3 34. Rb8+ Be8 35. Rxe8# 1-0

[Event "Late-Titled-Tuesday-Blitz-March-12-2024"]
[Site "Chess.com"]
[Date "2024.03.12"]
[Round "3"]
[White "janhelmer03"]
[Black "randy296"]
[Result "1-0"]
[WhiteElo "2397"]
[BlackElo "2075"]
[TimeControl "180+1"]
[EndTime "14:27:10 PDT"]
[Termination "janhelmer03 won by resignation"]

1. Nf3 c5 2. b3 Nc6 3. Bb2 Nf6 4. g3 g6 5. Bg2 Bg7 6. O-O O-O 7. c4 d6 8. d4 Bf5 9. d5 Nb4 10. Nbd2 a5 11. a3 Na6 12. Nh4 Bd7 13.
e4 b5 14. f4 bxc4 15. bxc4 Rb8 16. Bc3 Ng4 17. Bxg7 Kxg7 18. Qf3 Rb2 19. Qc3+ e5 20. Qxb2 Ne3 21. Rfe1 Ng4 22. h3 g5 23. hxg4 gxh4 24. fxe5 hxg3 25. e6+ Kg8 26. exd7 Qg5 27. Nf3 Qf4 28.
Qd2 Qxg4 29. Qg5+ Qxg5 30. Nxg5 Rb8 31. Rab1 Rd8 32. Bh3 Nb8 33. Rxb8 Rxb8 34. e5 h5 35. exd6 h4 36. Re8+ Kg7 37. Rxb8 a4 38. d8=Q g2 39. Qh8+ Kg6 40. Qh7+ Kxg5 41. Rg8+ Kf4 42. Qf5+ Ke3 43. Re8+ Kd4 44. Qf4+ Kc3 45. Re3+ Kb2 46. Qf2+ 1-0

[Event "Late-Titled-Tuesday-Blitz-March-12-2024"]
[Site "Chess.com"]
[Date "2024.03.12"]
[Round "3"]
[White "Shahdad2007"]
[Black "dealshark"]
[Result "1-0"]
[WhiteElo "2593"]
[BlackElo "2340"]
[TimeControl "180+1"]
[EndTime "14:27:12 PDT"]
[Termination "Shahdad2007 won by resignation"]

1. Nf3 d5 2. c4 e6 3. g3 Nf6 4.
Bg2 c5 5. cxd5 exd5 6. d4 Nc6 7. O-O Be7 8. Nc3 O-O 9. Bg5 c4 10.
b3 Qa5 11. Rc1 Ba3 12. Rc2 Nb4 13. Bxf6 gxf6 14. Rd2 Nc6 15. Rc2 Bf5 16. bxc4 Bxc2 17.
Qxc2 dxc4 18. Ne4 Be7 19. Qxc4 Rac8 20. Bh3 Ne5 21. Qb3 Nxf3+ 22. Qxf3 Rc6 23. Bf5 Rd8 24. Qh5 Kf8 25. Qxh7 Ke8 26. Qh8+ Bf8 27. Nxf6+ Ke7 28.
Ng8+ Ke8 29. e4 Rdd6 30. e5 Rh6 31. Nxh6 Rxh6 32. Qg8 Qxa2 33. Rc1 Rc6 34. Rxc6 bxc6 35. e6 fxe6 36. Bxe6 Qa1+ 37. Kg2 Qxd4 38. Qf7+ Kd8 39. Qxf8+ Kc7 40. Qc8+ Kb6 41. Qb8+ Ka6 42. Qf4 Qd6 43.
Qxd6 1-0

[Event "Late-Titled-Tuesday-Blitz-March-12-2024"]
[Site "Chess.com"]
[Date "2024.03.12"]
[Round "3"]
[White "YegoryoCh"]
[Black "IMSlavin"]
[Result "1-0"]
[WhiteElo "2509"]
[BlackElo "2269"]
[TimeControl "180+1"]
[EndTime "14:27:12 PDT"]
[Termination "YegoryoCh won by resignation"]

1. e4 Nc6 2. d4 d6 3. Nc3 Nf6 4.
Nf3 Bg4 5. Be2 e5 6. d5 Ne7 7. O-O Ng6 8. Ne1 Bd7 9. g3 Be7 10. Ng2 h6 11. f4 exf4 12. gxf4 O-O 13. Be3 c6 14. e5 dxe5 15. d6 exf4 16. dxe7 Qxe7 17.
Bxf4 Nxf4 18. Rxf4 Rad8 19. Qf1 Bh3 20. Re1 Rfe8 21. Qf3 Qc5+ 22. Kh1 Be6 23. Qg3 Kh8 24. Bf3 Nd5 25. Nxd5 Bxd5 26. Bxd5 Qxd5 27. Qf3 Qxa2 28. Rxf7 Rxe1+ 29. Nxe1 Qxb2 30. Rf8+ Rxf8 31. Qxf8+ Kh7 32. Qf5+ Kg8 33. Nf3 a5 34. Kg2 a4 35. Ne5 a3 36.
Qf7+ Kh8 37. Qf8+ Kh7 38. Qf5+ Kg8 39. Ng6 Qf6 40. Qc8+ Kh7 41. Nf8+ Kg8 42. Nd7+ Kf7 43. Nxf6 gxf6 44. Qxb7+ Kg6 45. Qxc6 1-0

[Event "Late-Titled-Tuesday-Blitz-March-12-2024"]
[Site "Chess.com"]
[Date "2024.03.12"]
[Round "3"]
[White "Levanzovsky"]
[Black "Cuchulin"]
[Result "1-0"]
[WhiteElo "2386"]
[BlackElo "2034"]
[TimeControl "180+1"]
[EndTime "14:27:12 PDT"]
[Termination "Levanzovsky won on time"]

1. d4 d5 2. Nc3 Nf6 3. Bf4 e6 4. e3 c6 5. Nf3 g6 6. Bd3 Bg7 7. Ne5 O-O 8. h4 h5 9. Qf3 Nbd7 10. Qg3 Nxe5 11. dxe5 Ng4 12. f3 Nh6 13. O-O-O Nf5 14. Bxf5 exf5 15. e4 fxe4 16. fxe4 Be6 17. exd5 cxd5 18.
Bg5 Qa5 19. Bf6 Rac8 20. Rd4 Rc6 21. Rhd1 Rfc8 22. R1d3 b5 23. a3 Qb6 24. Qe1 a5 25. Rd2 b4 26. Nxd5 Bxd5 27. Rxd5 bxa3 28. bxa3 Qb3 29. Qe4 Qxa3+ 30. Kd1 Qa1+ 31. Ke2 Bxf6 32. Qf4 Bg7 33. Rd7 Qa2 34. Re7 1-0

[Event "Late-Titled-Tuesday-Blitz-March-12-2024"]
[Site "Chess.com"]
[Date "2024.03.12"]
[Round "3"]
[White "norwaytoadog"]
[Black "Malev212"]
[Result "1-0"]
[WhiteElo "2335"]
[BlackElo "2613"]
[TimeControl "180+1"]
[EndTime "14:27:14 PDT"]
[Termination "norwaytoadog won on time"]

1. e4 g6 2. d4 Bg7 3. Nc3 c5 4. d5 d6 5. Bb5+ Nd7 6. a4 Nf6 7. Nf3 O-O 8. O-O Ng4 9. a5 Rb8 10. Re1 a6 11. Bf1 b5 12. axb6 Nxb6 13. h3 Ne5 14.
Nxe5 Bxe5 15. Bh6 Re8 16. Ra3 e6 17. Qc1 exd5 18. exd5 Bb7 19. Ne4 Nxd5 20. Bc4 Qc7 21. Rf3 Kh8 22. Qd2 f5 23. Ng5 Bg7 24. Bxg7+ Qxg7 25. Rxe8+ Rxe8 26. Bxd5 Bxd5 27. Qxd5 Re1+ 28. Kh2 Qe5+ 29.
Qxe5+ dxe5 30. Rd3 Re2 31. Rd7 Rxc2 32. Nf7+ Kg8 33. Nxe5 Rxb2 34. Kg3 1-0

[Event "Late-Titled-Tuesday-Blitz-March-12-2024"]
[Site "Chess.com"]
[Date "2024.03.12"]
[Round "3"]
[White "Vesapesa"]
[Black "KetiTsatsalashvili"]
[Result "0-1"]
[WhiteElo "2211"]
[BlackElo "2443"]
[TimeControl "180+1"]
[EndTime "14:27:14 PDT"]
[Termination "KetiTsatsalashvili won on time"]

1. e4 c5 2. Nf3 d6 3. d4 cxd4 4. Qxd4 Nc6 5. Bb5 Bd7 6. Qd3 h6 7. c4 e5 8. Nc3 Nf6 9. O-O a6 10.
Bxc6 bxc6 11. c5 Bg4 12. Rd1 dxc5 13. Qxd8+ Rxd8 14. Rxd8+ Kxd8 15. Nxe5 Be6 16. Nxc6+ Kc7 17. Ne5 Bd6 18. Nf3 Ng4 19. h3 Ne5 20. Nxe5 Bxe5 21. Be3 Rb8 22. Na4 c4 23. Rb1 Rb4 24. Nc5 Rxb2 25. Nxa6+ Kc6 26. Rc1 Kb5 27. Nc5 Rxa2 28.
Nxe6 fxe6 29. f4 Bb2 30. Rc2 c3 31. f5 exf5 32. exf5 Kc4 33. g4 Kd3 34. Rg2 Kxe3 35. g5 hxg5 0-1

[Event "Late-Titled-Tuesday-Blitz-March-12-2024"]
[Site "Chess.com"]
[Date "2024.03.12"]
[Round "3"]
[White "kids2010"]
[Black "Hrant_ChessMood"]
[Result "1-0"]
[WhiteElo "2776"]
[BlackElo "2974"]
[TimeControl "180+1"]
[EndTime "14:27:15 PDT"]
[Termination "kids2010 won on time"]

1. e4 c6 2. d4 d5 3. exd5 cxd5 4. Bd3 Nf6 5. c3 Bg4 6. Qb3 Qc8 7. Bf4 Nc6 8. Nd2 e6 9. Ngf3 Be7 10. O-O O-O 11. Rae1 Bh5 12. Ne5 Nxe5 13. Bxe5 Bg6 14. Bxg6 hxg6 15.
Bxf6 gxf6 16. Qb5 Bd6 17. f4 Kg7 18. g3 Qc6 19. Qd3 b5 20. h4 Rh8 21. Re2 b4 22. c4 dxc4 23. Nxc4 Rad8 24. Ne3 Bc7 25. d5 exd5 26. f5 Qd6 27. fxg6 fxg6 28. Rf3 Rhe8 29. h5 f5 30. hxg6 Bb6 31. Qxf5 Re7 32. Kg2 Rde8 33. Qh5 Qxg6 34. Nf5+ Qxf5 35. Rxf5 Rxe2+ 36. Kh3 R2e7 37. Rg5+ 1-0

[Event "Late-Titled-Tuesday-Blitz-March-12-2024"]
[Site "Chess.com"]
[Date "2024.03.12"]
[Round "3"]
[White "zajka-molotok"]
[Black "Bauman_Guy"]
[Result "0-1"]
[WhiteElo "2566"]
[BlackElo "2919"]
[TimeControl "180+1"]
[EndTime "14:27:15 PDT"]
[Termination "Bauman_Guy won on time"]

1. e4 c5 2. Nf3 d6 3. Bb5+ Nd7 4. a4 a6 5. Be2 g6 6. O-O Bg7 7. Re1 Ngf6 8. a5 Nxe4 9. Bc4 Nef6 10. Ng5 O-O 11.
Bxf7+ Rxf7 12. Ne6 Qe8 13. Nc7 Qd8 14. Nxa8 h5 15.
d3 Ng4 16. Re2 Qf8 17. Qe1 Bd4 18. Be3 Nxe3 19. fxe3 Bxb2 20. Ra2 Bg7 21. Nc7 Ne5 22. Nd2 Qd8 23. Nd5 Be6 24. e4 Ng4 25. Nf3 Qf8 26. Qg3 Bd4+ 27. Kh1 Ne5 28. c3 h4 29. Qg5 Bxd5 30.
cxd4 Nxf3 31. gxf3 Bxa2 32. Rxa2 Rxf3 33. Qxg6+ Qg7 34.
Qe8+ Rf8 0-1

[Event "Late-Titled-Tuesday-Blitz-March-12-2024"]
[Site "Chess.com"]
[Date "2024.03.12"]
[Round "3"]
[White "TanitoluwaAps116"]
[Black "ketster"]
[Result "0-1"]
[WhiteElo "2805"]
[BlackElo "2560"]
[TimeControl "180+1"]
[EndTime "14:27:17 PDT"]
[Termination "ketster won by checkmate"]

1. e4 c5 2. Nf3 Nf6 3. e5 Nd5 4. b3 d6 5. exd6 e6 6. Bb2 Nc6 7. Bb5 Bd7 8. O-O Bxd6 9. d4 O-O 10. c4 Nf4 11. g3 Ng6 12. dxc5 Bxc5 13. Nc3 a6 14.
Ne4 Be7 15. Ba4 Qc7 16. Rc1 Rad8 17. Qe2 Nb4 18. Bxd7 Rxd7 19. Rcd1 Rfd8 20. a3 Nd3 21. Bd4 Nde5 22. Nxe5 Nxe5 23. Bb2 Nd3 24. Bc3 Bxa3 25.
Nf6+ gxf6 26. Qg4+ Kf8 27. Bxf6 Rc8 28. Qg7+ Ke8 29.
Rd2 Bf8 30. Qxh7 Nc5 31. Re2 Qc6 32. Rfe1 Qf3 33. Bh4 Rc6 34. b4 Nd3 35. b5 Nxe1 36. bxc6 Qg2# 0-1

[Event "Late-Titled-Tuesday-Blitz-March-12-2024"]
[Site "Chess.com"]
[Date "2024.03.12"]
[Round "3"]
[White "GaiozNigalidze"]
[Black "only_strong_moves"]
[Result "0-1"]
[WhiteElo "2705"]
[BlackElo "2544"]
[TimeControl "180+1"]
[EndTime "14:27:17 PDT"]
[Termination "only_strong_moves won by resignation"]

1. e4 e5 2. Nf3 Nc6 3. Bb5 a6 4.
Ba4 Nge7 5. d4 exd4 6. Bxc6 dxc6 7. Qxd4 Qxd4 8. Nxd4 Ng6 9. O-O Bd7 10. Nc3 O-O-O 11. Bg5 f6 12. Be3 Ne5 13. Bf4 Bd6 14. Bg3 Rhe8 15.
Rad1 Bb4 16. Nce2 Nc4 17. b3 Nd2 18. a3 Nxf1 19. axb4 Nxg3 20. Nxg3 Be6 21. Nge2 a5 22. Ra1 axb4 23. f3 c5 24. Nxe6 Rxe6 25. Kf2 Ra6 26. Rc1 b5 27. Ke3 Ra3 28. Rb1 c4 29. Nd4 cxb3 30.
cxb3 Ra2 31. Nxb5 Rxg2 32. Rc1 Rd7 33. Rc4 Rxh2 34. Rxb4 c6 35. Rc4 Kb7 36. Nd4 Rb2 37.
Kf4 Rd6 38. Rb4+ Kc7 39. Rc4 Kd7 40. Nf5 g5+ 41. Kg4 Rd1 42. Ne3 Rg1+ 43. Kf5 Rxb3 44. Rd4+ Ke7 0-1

[Event "Late-Titled-Tuesday-Blitz-March-12-2024"]
[Site "Chess.com"]
[Date "2024.03.12"]
[Round "3"]
[White "Sajkochess"]
[Black "SlavenPastar"]
[Result "1/2-1/2"]
[WhiteElo "2334"]
[BlackElo "2580"]
[TimeControl "180+1"]
[EndTime "14:27:19 PDT"]
[Termination "Game drawn by repetition"]

1. e4 b6 2. d4 Bb7 3. Bd3 Nf6 4. Nd2 e6 5. Ngf3 d5 6. Qe2 dxe4 7. Nxe4 Nbd7 8. O-O Be7 9. c4 O-O 10. Bf4 Nxe4 11.
Bxe4 Bxe4 12. Qxe4 Nf6 13. Qc6 Rc8 14. Rad1 Qe8 15. Ne5 Bd6 16. Qf3 Qa4 17. a3 a5 18.
Bg3 Qc2 19. b3 Bxa3 20. Bh4 Qe4 21. Bxf6 Qxf3 22. gxf3 gxf6 23. Nd7 Rfd8 24. Nxf6+ Kg7 25. Ne4 Be7 26. Kh1 f5 27. Rg1+ Kf7 28. Ng5+ Bxg5 29. Rxg5 h6 30. Rgg1 Rd7 31. d5 exd5 32. cxd5 Rcd8 33. Rc1 Rxd5 34. Rxc7+ R8d7 35. Rc6 R5d6 36.
Rgc1 Ke6 37. Re1+ Kf6 38. Rec1 Kg5 39. Kg2 Kf6 40. f4 Ke6 41. Re1+ Kf6 42. Rec1 Ke6 43.
Re1+ Kf6 44. Rec1 1/2-1/2

[Event "Late-Titled-Tuesday-Blitz-March-12-2024"]
[Site "Chess.com"]
[Date "2024.03.12"]
[Round "3"]
[White "PapaieDudu"]
[Black "lluiss"]
[Result "1-0"]
[WhiteElo "2447"]
[BlackElo "2236"]
[TimeControl "180+1"]
[EndTime "14:27:19 PDT"]
[Termination "PapaieDudu won by resignation"]

1. Nf3 d5 2. d4 c6 3. c4 e6 4. Nc3 f5 5. Bg5 Nf6 6. e3 Be7 7. Be2 O-O 8. O-O h6 9. Bf4 Bd7 10. Rc1 Be8 11. Qb3 Qb6 12. Qc2 Bh5 13. b4 Ne4 14. c5 Qd8 15. b5 Nd7 16. a4 Qa5 17. Nxe4 fxe4 18. Ne5 Nxe5 19. Bxe5 Bxe2 20. Qxe2 Qxa4 21. Qg4 Bf6 22. Qxe6+ Kh8 23. Ra1 Qxb5 24. Rfb1 Qe2 25. Bg3 Rae8 26. Qd7 Re7 27. Qf5 Ref7 28. Qe6 a6 29. Rb6 Bd8 30. Rbb1 Bc7 31. Qh3 Bxg3 32.
Qxg3 Rxf2 33. h4 R2f7 34. Kh2 Qh5 35. Rg1 Kh7 36. Qh3 g5 37. hxg5 Qxh3+ 38. Kxh3 hxg5 39. Kg4 Kg6 40. Rab1 Rh8 41. Rh1 Rxh1 42. Rxh1 Rg7 43.
Rf1 Rg8 44. Rf5 Ra8 45. Rxg5+ Kf6 46. Kf4 a5 47. Rh5 a4 48. Rh6+ Kg7 49. Rh1 a3 50.
Ra1 a2 51. Ke5 Kg6 52. Kd6 Kg5 53. Kc7 Kg4 54. Kxb7 Ra3 55. Kxc6 Kg3 56. Kxd5 Kxg2 57. Kxe4 Kf2 58. c6 Rxe3+ 59. Kd5 Rc3 60. Rxa2+ Ke3 61.
Ra7 Rc4 62. Re7+ Kd3 63. Re4 Rxd4+ 64. Rxd4+ Kc3 65. Rc4+ 1-0

[Event "Late-Titled-Tuesday-Blitz-March-12-2024"]
[Site "Chess.com"]
[Date "2024.03.12"]
[Round "3"]
[White "Adar_07"]
[Black "Sina_Movahed"]
[Result "0-1"]
[WhiteElo "2800"]
[BlackElo "3050"]
[TimeControl "180+1"]
[EndTime "14:27:20 PDT"]
[Termination "Sina_Movahed won by checkmate"]

1. d4 Nf6 2. Nf3 g6 3. Bg5 Bg7 4. Nbd2 O-O 5. e4 c5 6. dxc5 Qa5 7. e5 Ne4 8. Be3 Nc6 9. c3 Nxd2 10. Qxd2 Nxe5 11. Nxe5 Bxe5 12. h4 d6 13. cxd6 exd6 14. h5 Bf5 15. hxg6 hxg6 16. Be2 Rfe8 17. Bf3 Qa4 18.
Bxb7 Rab8 19. Bd5 Qb5 20. Bb3 a5 21. Rh4 Qc6 22. O-O-O Be6 23. Bxe6 Rxe6 24. Bd4 Rbe8 25. Bxe5 Rxe5 26. Qh6 Rh5 27. Rxh5 gxh5 28. Qg5+ Kf8 29. Qxh5 Qxg2 30. Qh6+ Kg8 31. Qxd6 Qxf2 32. Qd2 Re2 33. Qd3 Rxb2 34. Qd8+ Kh7 35. Qg5 Qc2# 0-1

[Event "Late-Titled-Tuesday-Blitz-March-12-2024"]
[Site "Chess.com"]
[Date "2024.03.12"]
[Round "3"]
[White "ncofre98"]
[Black "Eloist"]
[Result "0-1"]
[WhiteElo "2601"]
[BlackElo "2457"]
[TimeControl "180+1"]
[EndTime "14:27:21 PDT"]
[Termination "Eloist won on time"]

1. c4 e5 2. g3 Nf6 3. Nc3 Bb4 4. Bg2 O-O 5. Nf3 Bxc3 6. bxc3 Re8 7. O-O Nc6 8. d3 e4 9. Nd4 exd3 10. exd3 h6 11. Bf4 Nxd4 12. cxd4 d5 13. Be5 c6 14. h3 Be6 15. Rc1 Nd7 16. Bf4 dxc4 17. dxc4 Nb6 18.
Qd3 Qd7 19. Kh2 Rad8 20. Rfd1 Bf5 21. Qf1 Be4 22. f3 Bf5 23. h4 f6 24. Qf2 g5 25.
hxg5 hxg5 26. Be3 Qh7+ 27. Kg1 Kg7 28. d5 cxd5 29. cxd5 Nxd5 30. Bxa7 Bd3 31. f4 Be4 32. Rxd5 Bxd5 33. Rc7+ Bf7 34. fxg5 Rd1+ 35. Bf1 Qg6 36. Be3 Kg8 37. Qf3 Qd3 38. Rxf7 Rxe3 39.
Rf8+ Kxf8 40. Qxf6+ Kg8 0-1

[Event "Late-Titled-Tuesday-Blitz-March-12-2024"]
[Site "Chess.com"]
[Date "2024.03.12"]
[Round "3"]
[White "Szparu"]
[Black "Rud_Makarian"]
[Result "0-1"]
[WhiteElo "2805"]
[BlackElo "3057"]
[TimeControl "180+1"]
[EndTime "14:27:22 PDT"]
[Termination "Rud_Makarian won by resignation"]

1. d4 Nf6 2. c4 e6 3. Nf3 d5 4.
g3 Bb4+ 5. Nc3 O-O 6. Bg2 dxc4 7. O-O Nc6 8. a3 Bd6 9. Bg5 h6 10. Bxf6 Qxf6 11. Ne4 Qe7 12. Qa4 e5 13. Nxd6 Qxd6 14.
dxe5 Nxe5 15. Nxe5 Qxe5 16. Qxc4 c6 17. b4 Rd8 18. Rad1 Be6 19. Qc2 a5 20. Rxd8+ Rxd8 21. Rd1 Ra8 22. e3 axb4 23. axb4 g6 24. Qc5 Qxc5 25. bxc5 Ra5 26. Rc1 Kg7 27. Bf3 Kf6 28. Kg2 Ke5 29. Rb1 Rb5 30. Rc1 Bd5 31. g4 g5 32. h4 gxh4 33. Rh1 Rxc5 34. Rxh4 b5 35.
Rxh6 b4 36. e4 Be6 37. Rh1 b3 38. Rb1 Rc3 39. Kg3 c5 40. g5 c4 0-1

[Event "Late-Titled-Tuesday-Blitz-March-12-2024"]
[Site "Chess.com"]
[Date "2024.03.12"]
[Round "3"]
[White "artin10862"]
[Black "bazar-wokzal"]
[Result "1-0"]
[WhiteElo "2896"]
[BlackElo "2556"]
[TimeControl "180+1"]
[EndTime "14:27:22 PDT"]
[Termination "artin10862 won on time"]

1. c4 e5 2. Nc3 Nf6 3. g3 h5 4. Nf3 e4 5. Ng5 c6 6. Qa4 b5 7. cxb5 d5 8. bxc6 Qb6 9. c7+ Nc6 10. Bg2 Bd7 11. Qd1 h4 12. O-O hxg3 13. hxg3 Bd6 14. d3 Bxg3 15. dxe4 Bh2+ 16. Kh1 Bxc7+ 17. Kg1 Bh2+ 18. Kh1 Bb8+ 19. Kg1 Bh2+ 20. Kh1 Bf4+ 21. Kg1 Bxg5 22. Bxg5 Qc7 23. f3 dxe4 24. Bxf6 e3 25. f4 gxf6 26. Qd3 O-O-O 27. Nd5 Qa5 28. Rac1 Rdg8 29.
Ne7+ Kb8 30. Qd6+ Qc7 31. Nxc6+ Bxc6 32. Qxc6 Qxc6 33. Rxc6 1-0

[Event "Late-Titled-Tuesday-Blitz-March-12-2024"]
[Site "Chess.com"]
[Date "2024.03.12"]
[Round "3"]
[White "Supergiuly"]
[Black "noblerone"]
[Result "0-1"]
[WhiteElo "2354"]
[BlackElo "2596"]
[TimeControl "180+1"]
[EndTime "14:27:22 PDT"]
[Termination "noblerone won by checkmate"]

1. g3 d5 2. Bg2 Nf6 3. Nf3 Bf5 4.
O-O e6 5. d3 Bc5 6. c3 O-O 7.
Nbd2 c6 8. Nb3 Bb6 9. Nh4 Bg4 10. h3 Bh5 11. Nf3 Nbd7 12. g4 Bg6 13. Nh4 a5 14. Nxg6 hxg6 15. Bg5 Qc7 16. e4 dxe4 17. dxe4 Qe5 18.
Qc1 Qc7 19. Kh1 e5 20. Nd2 Nc5 21. Nc4 Ne6 22. Nxb6 Qxb6 23. Be3 Qc7 24. g5 Nh5 25. Bf3 Nhf4 26. Bg4 Nxg5 27. Bxf4 exf4 28. Qe1 Qe5 29. f3 Rfd8 30. Rd1 Nh7 31. h4 Nf6 32. Bh3 Nh5 33. Kh2 Ng3 34. Rf2 Qe7 35. Rfd2 Rxd2+ 36. Qxd2 Qxh4 37. Qd7 Nh5 38. Rg1 Qf2+ 39. Rg2 Qxf3 40. Qxb7 Rd8 41. Qxc6 Ng3 42. Qc7 Rd1 43. Qc8+ Kh7 44. Rxg3 Qxg3# 0-1